 Dungeon Crawl Stone Soup version 0.22-a0-392-g5dc3fd9 (webtiles) character file.

429 theanonym the Cudgeler (level 6, -4/50 HPs)
             Began as a Mummy Chaos Knight on May 2, 2018.
             Killed by divine providence
             ... invoked by an orc priest
              (13 damage)
             ... on level 4 of the Dungeon.
             The game lasted 00:06:27 (3181 turns).

theanonym the Cudgeler (Mummy Chaos Knight)         Turns: 3181, Time: 00:06:28

Health: -4/50      AC:  7    Str: 17 (18) XL:     6   Next: 66%
Magic:  6/6        EV:  9    Int: 11      God:    Xom [*.....]
Gold:   140        SH:  0    Dex: 11      Spells: 5/5 levels left

rFire    x . .     SeeInvis .   h - +0 flail
rCold    + . .     Gourm    .   (no shield)
rNeg     + + +     Faith    +   d - +0 scale mail
rPois    ∞         Spirit   .   e - +0 helmet
rElec    .         Reflect  .   (no cloak)
rCorr    .         Harm     .   (no gloves)
MR       .....                  (no boots)
Stlth    ..........             b - amulet of faith
HPRegen  0.16/turn              (no ring)
MPRegen  0.10/turn              (no ring)

@: drained
A: no food or potions, fire vulnerability, cold resistance 1, negative energy
resistance 3, torment resistance, unbreathing
a: Renounce Religion


Innate Abilities, Weirdness & Mutations

You do not eat or drink.
Your flesh is vulnerable to fire.
You are immune to poison.
Your flesh is cold resistant. (rC+)
You are immune to negative energy. (rN+++)
You are immune to unholy pain and torment.
You can survive without breathing.


   Skills:
 + Level 4.9(4.1) Fighting
 * Level 5.3(4.5) Maces & Flails
 - Level 1.5(0.8) Armour
 - Level 0.7(0.0) Dodging


You had 5 spell levels left.
You didn't know any spells.

Skill      XL: |  1  2  3  4  5  6 |
---------------+-------------------+-----
Maces & Flails | 3 4 5 |  5.3
Fighting       | 4 |  4.9
Armour         | |  1.5
Dodging        | |  0.7

Action                   |  1- 3 |  4- 6 || total
-------------------------+-------+-------++-------
Melee: Mace              |    83 |   177 ||   260
       Flail             |       |    29 ||    29
  Use: Scroll            |       |     5 ||     5
 Stab: Distracted        |       |     1 ||     1
Armor: Leather armour    |     5 |       ||     5
       Scale mail        |    46 |   122 ||   168
Dodge: Dodged            |    51 |   129 ||   180

Inventory:

Hand Weapons
 a - a +0 mace of chaos
 h - a +0 flail (weapon)
   (You took it off a gnoll on level 3 of the Dungeon)
Armour
 d - a +0 scale mail (worn)
   (You found it on level 1 of the Dungeon)
 e - a +0 helmet (worn)
   (You found it on level 1 of the Dungeon)
Jewellery
 b - an amulet of faith (around neck)
   (You found it on level 3 of the Dungeon)
 c - an uncursed amulet of harm
   (You found it on level 3 of the Dungeon)
Scrolls
 f - 3 scrolls of fog
 g - a scroll of teleportation {unknown}
 i - 3 scrolls of fear
 n - 2 scrolls of remove curse
 y - a scroll of magic mapping


You were on level 4 of the Dungeon.
You worshipped Xom.
You were a special plaything of Xom.
You were not hungry.

You visited 1 branch of the dungeon, and saw 4 of its levels.

You collected 140 gold pieces.

Dungeon Overview and Level Annotations

Branches:
Dungeon (4/15)
 Temple: D:4-7

Altars:
Qazlal
Wu Jian
Xom

Annotations:
D:3 Ijyb, Sigmund

####.#### .##
.......(. ## ..
......... .. ..#
#.... . ..
#####..># #
.##.# #....<###
#..## #...###
#.#.###
#...#.....# ..
#....@)# #.
....###Z#......#
# . ..# ....# #
.o.. ##.# #
..o## # # ##.# #
.. # .g. # #


You could see an orc priest, a gnoll, an orc and a centaur skeleton.

Notes
Turn   | Place    | Note
-------+----------+-------------------------------------------
     0 | D:1      | theanonym the Mummy Chaos Knight began the quest for the Orb.
     0 | D:1      | Reached XP level 1. HP: 18/18 MP: 1/1
   245 | D:1      | XOM: butterfly on damage
   249 | D:1      | Reached XP level 2. HP: 14/24 MP: 2/2
   297 | D:1      | XOM: divination: magic mapping
   436 | D:1      | Reached skill level 3 in Maces & Flails
   506 | D:1      | XOM: divination: magic mapping
   664 | D:1      | XOM: mild Hex miscast
   814 | D:2      | Reached XP level 3. HP: 28/29 MP: 3/3
   828 | D:2      | XOM: smoke on damage
  1087 | D:2      | Reached XP level 4. HP: 37/37 MP: 4/4
  1099 | D:2      | Noticed Natasha
  1231 | D:2      | Killed Natasha
  1242 | D:2      | XOM: medium Pois miscast
  1353 | D:2      | Reached skill level 4 in Fighting
  1353 | D:2      | Reached skill level 4 in Maces & Flails
  1471 | D:2      | Noticed Natasha
  1475 | D:2      | XOM: summons 2 friendly demons
  1479 | D:2      | Killed Natasha
  1479 | D:2      | Reached XP level 5. HP: 38/42 MP: 5/5
  1578 | D:2      | Noticed Natasha
  1591 | D:2      | Killed Natasha
  1719 | D:2      | Noticed Jessica
  1737 | D:2      | XOM: divination: magic mapping
  1750 | D:2      | XOM: cast spell 'Leda's Liquefaction'
  1758 | D:2      | Killed Jessica
  1856 | D:2      | XOM: harmless Hex miscast
  1933 | D:2      | XOM: god gift: scroll of fear {god gift}
  1944 | D:3      | XOM: mild Ice miscast
  1971 | D:3      | XOM: noise
  2055 | D:3      | XOM: harmless Chrm miscast
  2058 | D:3      | Noticed Robin
  2068 | D:3      | XOM: smoke on damage
  2074 | D:3      | Noticed Sigmund
  2084 | D:3      | XOM: enchant monster (bad)
  2244 | D:2      | XOM: scenery: create altars
  2295 | D:3      | XOM: divination: detect creatures
  2356 | D:3      | XOM: summons 1 hostile demon
  2372 | D:3      | Killed Robin
  2558 | D:3      | XOM: god gift: scroll of fear {god gift}
  2588 | D:3      | Found an ornate altar of the Wu Jian Council.
  2588 | D:3      | Found a stormy altar of Qazlal.
  2615 | D:3      | Noticed Ijyb
  2726 | D:3      | XOM: stat loss: -1 Str (16/17)
  2740 | D:3      | XOM: polymorph crimson imp -> quasit
  2744 | D:3      | Reached XP level 6. HP: 43/49 MP: 6/6
  2867 | D:3      | XOM: scenery: create altars
  2875 | D:4      | Reached skill level 5 in Maces & Flails
  2995 | D:4      | HP: 17/49 [iguana (12)]
  3015 | D:4      | XOM: cloud trail
  3176 | D:4      | XOM: 1-stop teleportation journey
  3180 | D:4      | HP: 9/49 [ogre/giant club (19)]
  3181 | D:4      | Killed from afar by an orc priest

Vanquished Creatures
  An ogre (D:4)
  A quasit (D:3)
  An iguana (D:4)
  Jessica (D:2)
  Natasha (thrice) (D:2)
  Robin (D:3)
  3 gnolls
  7 adders
  2 oozes
  3 dart slugs
  5 leopard geckos
  An orc (D:3)
  4 giant cockroaches (D:1)
  11 goblins
  9 hobgoblins
  7 kobolds
  8 bats
  2 frilled lizards
  5 rats
75 creatures vanquished.

Table legend:
 A = Turns spent in this place as a percentage of turns spent in the entire game.
 B = Non-inter-level travel turns spent in this place as a percentage of non-inter-level travel turns spent in the entire game.
 C = Inter-level travel turns spent in this place as a percentage of turns spent in this place.
 D = Turns resting spent in this place as a percentage of non-inter-level travel turns spent in this place.
 E = Turns spent auto-exploring this place as a percentage of non-inter-level travel turns spent in this place.
 F = Non-inter-level travel turns spent in this place divided by the number of levels of this place that you've seen.
                   A       B       C       D       E      F
               +-------+-------+-------+-------+-------+----------------------
         Total | 100.0 | 100.0 |   4.6 |  38.3 |  41.2 | 758.8
       Dungeon | 100.0 | 100.0 |   4.6 |  38.3 |  41.2 | 758.8
               +-------+-------+-------+-------+-------+----------------------
